 Dungeon Crawl Stone Soup version 0.31.0-9-g3a7656b989 (webtiles) character file.

Game seed: 18063321239613755636

70 EnegeticOcto the Trooper (level 4, 5/36 HPs)
             Began as a Formicid Shapeshifter on Feb 1, 2024.
             Quit the game on level 1 of the Dungeon.
             The game lasted 00:02:20 (1332 turns).

EnegeticOcto the Trooper (Formicid Shapeshifter)    Turns: 1332, Time: 00:02:20

Health: 5/36       AC:  2    Str: 24    XL:     4   Next: 45%
Magic:  4/4        EV: 12    Int: 10    God:
Gold:   80         SH:  0    Dex: 15    Spells: 3/3 levels left

rFire   . . .        i - +0 sling
rCold   . . .        (no shield)
rNeg    . . .        a - +0 animal skin
rPois   .            (helmet unavailable)
rElec   .            (cloak currently unavailable)
rCorr   .            (gloves currently unavailable)
SInv    +            (boots currently unavailable)
Will    .....        (no amulet)
Stlth   +            k - +6 ring of strength
HPRegen 0.26/turn    (no ring)
MPRegen 0.09/turn

%: no passive effects
@: lethally poisoned (5 -> -5), beast-form
A: beast (slay +1), permanent stasis, dig shafts and tunnels, antennae 3, four
strong arms
a: Dig, Shaft Self, Begin Untransformation


You were on level 1 of the Dungeon.
You were a hulking beast.
You visited 1 branch of the dungeon, and saw 2 of its levels.

You collected 80 gold pieces.

Inventory:

Hand Weapons
 i - a +0 sling (weapon)
   (You found it on level 1 of the Dungeon)
Armour
 a - a +0 animal skin (worn)
Jewellery
 k - a +6 ring of strength (left hand)
   (You found it on level 1 of the Dungeon)
Talismans
 c - a beast talisman
 d - a flux talisman
Scrolls
 g - a scroll of teleportation {unknown}
Potions
 e - a potion of haste {unknown}
 f - a potion of attraction {unknown}
 h - a potion of degeneration {unknown}
 j - a potion of resistance {unknown}


   Skills:
 + Level 3.6 Fighting
 * Level 1.9 Ranged Weapons
 - Level 1.7 Dodging
 - Level 3.0 Unarmed Combat
 - Level 3.2 Shapeshifting


You had 3 spell levels left.
You didn't know any spells.
Your spell library contained the following spells:

 Spells                   Type           Power      Damage    Failure   Level
 Jinxbite                 Hex            0%         N/A       50%         2
 Yara's Violent Unravell  Hex/Alch       0%         3d3       100%        5
 Enfeeble                 Hex            0%         N/A       100%        7


Dungeon Overview and Level Annotations

Branches:
Dungeon (2/15) Zot: 10645

Altars:

Annotations:
D:1 2 runed translucent doors
D:2 Robin


Innate Abilities, Weirdness & Mutations

You are a hulking beast.
Your limbs bulge with bestial killing power. (Slay +1)
You cannot be hasted, slowed, berserked, paralysed or teleported.
You can dig through walls and to a lower floor.
You have a pair of large antennae on your head. (SInv)
Your four strong arms can wield two-handed weapons with a shield.


Message History

The hobgoblin shouts!
The adder hisses angrily.
The sling bullet hits the goblin.
You kill the goblin!
The hobgoblin barely misses you.
You shoot a sling bullet.
The sling bullet completely misses the goblin.
An adder comes into view.
The goblin hits you with a +0 dagger. The hobgoblin hits you.
You shoot a sling bullet.
The sling bullet hits the goblin but does no damage.
The goblin closely misses you. The endoplasm hits you.
The goblin hits you with a +0 dagger.
The hobgoblin hits you but does no damage.
The endoplasm quivers.
The goblin barely misses you. The endoplasm freezes you.
You are frozen.
The hobgoblin completely misses you.
You climb upwards.
Level annotation: 2 runed translucent doors
There is a stone staircase leading down here.
You shoot a sling bullet. The sling bullet hits the hobgoblin.
The hobgoblin is almost dead.
The endoplasm freezes you.
You are frozen.
The goblin closely misses you. The hobgoblin hits you.
You are too injured to fight recklessly!
You are too injured to fight recklessly!
You are too injured to fight recklessly!
You are too injured to fight recklessly!
You are too injured to fight recklessly!
You are too injured to fight recklessly!
You are too injured to fight recklessly!
You shoot a sling bullet. The sling bullet hits the hobgoblin.
You kill the hobgoblin!
The goblin barely misses you.
The endoplasm hits you but does no damage.
The endoplasm hits you.
You see here the felid corpse of Natasha.
The goblin attacks as it pursues you! The goblin hits you with a +0 dagger.
You shoot a sling bullet. The sling bullet hits the goblin.
The goblin is severely wounded.
The goblin hits you with a +0 dagger. The goblin closely misses you.
You shoot a sling bullet. The sling bullet misses the goblin.
The sling bullet hits the endoplasm.
The endoplasm is severely wounded.
The goblin hits you with a +0 dagger.
You shoot a sling bullet. The sling bullet hits the goblin.
You kill the goblin!
You shoot a sling bullet. The sling bullet hits the endoplasm!
You kill the endoplasm!
Things that are here:
a +0 dagger; a goblin corpse; the felid corpse of Natasha You start resting.
HP restored.
There is a stone staircase leading down here.
You climb downwards.
Level annotation: Robin The hobgoblin misses you.
The goblin barely misses you. The adder closely misses you.
There is a stone staircase leading up here.
The adder bites you. The adder closely misses you.
The hobgoblin closely misses you. The goblin hits you with a +0 dagger.
You climb upwards.
Level annotation: 2 runed translucent doors
There is a stone staircase leading down here.
You shoot a sling bullet.
The sling bullet closely misses the hobgoblin.
The adder bites you. x2; The goblin closely misses you.
The hobgoblin closely misses you. The adder misses you.
The adder closely misses you.
You shoot a sling bullet.
The sling bullet closely misses the hobgoblin.
The adder bites you. The goblin barely misses you. The adder bites you.
The hobgoblin closely misses you. The adder barely misses you.
The goblin hits you with a +0 dagger.
The hobgoblin hits you but does no damage.
The adder bites you.
You are poisoned.
The adder poisons you!
You shoot a sling bullet.
The sling bullet hits the hobgoblin but does no damage.
You feel sick. The adder closely misses you. x2
The goblin hits you with a +0 dagger. The hobgoblin barely misses you.
The adder closely misses you.
You shoot a sling bullet. The sling bullet hits the hobgoblin!
You kill the hobgoblin!
You feel sick. The adder bites you.
You are more poisoned.
The adder poisons you! The goblin misses you. The adder closely misses you.
The adder bites you but does no damage.
You feel sick. The adder barely misses you. The adder bites you.
You are lethally poisoned!
The adder poisons you!
Items here: ) ÷ ††.
* * * LOW HITPOINT WARNING * * *
You feel very sick. The adder attacks as it pursues you!
The adder closely misses you. The adder bites you.
* * * LOW HITPOINT WARNING * * *
Okay, then.
Are you sure you want to abandon this character and quit the game? (Confirm with "yes".)

#...###.#.###†.........#
###.###.#.##...........#
# #...#.#.##...........#
###÷....#....#.........#
...#..#.######...[.....#
.#.#....# #..........#
.#.#.#### #.#.########
.......######.#.###†...#
...............)hSg....#
...########...####S....#
#### #...##.#### #)....#
#.#.##....###.....#
######.................#
.##..........#.###.....#
.#...........#.........#
.#...........######....#
.#..[........# #....#


You could see 2 adders and a goblin.

Vanquished Creatures
  Natasha (D:1)
  4 endoplasms (D:1)
  A giant cockroach (D:1)
  5 goblins
  11 hobgoblins
  2 jackals (D:1)
  2 quokkas (D:1)
  5 ball pythons (D:1)
  2 bats
  A frilled lizard (D:1)
  2 kobolds (D:1)
  3 rats (D:1)
39 creatures vanquished.

Notes
Turn   | Place    | Note
-------+----------+-------------------------------------------
     0 | D:1      | EnegeticOcto the Formicid Shapeshifter began the quest for
                  | the Orb.
     0 | D:1      | Reached XP level 1. HP: 15/15 MP: 1/1
    51 | D:1      | Reached skill level 2 in Fighting
    73 | D:1      | Found a large runed translucent door.
    73 | D:1      | Found a large runed translucent door.
    80 | D:1      | Reached XP level 2. HP: 21/22 MP: 2/2
    90 | D:1      | Noticed a troll
   325 | D:1      | Reached skill level 3 in Fighting
   325 | D:1      | Reached XP level 3. HP: 28/29 MP: 3/3
   801 | D:2      | Noticed Natasha
  1061 | D:2      | Noticed Robin
  1074 | D:1      | Killed Natasha
  1075 | D:1      | Reached skill level 1 in Ranged Weapons
  1075 | D:1      | Reached XP level 4. HP: 11/35 MP: 4/4
  1332 | D:1      | Quit the game

Illustrated notes

Levels and vault maps discovered:
D:1:      erik_arrival_cave_to_civilisation [erik_arrival_cave_to_temple],
          layout_basic
D:2:      layout_rooms, uniq_terence, uniq_robin, uniq_natasha

Skill      XL: |  1  2  3 |
---------------+----------+-----
Fighting       | 2 3 |  3.6
Ranged Weapons | 1 |  1.9
Dodging        | |  1.7
Unarmed Combat | |  3.0
Shapeshifting  | |  3.2

Action                     |  1- 3 |  4- 6 || total
---------------------------+-------+-------++-------
  Melee: Unarmed           |    45 |       ||    45
   Fire: Sling             |    45 |    16 ||    61
    Use: Potion            |     1 |       ||     1
 Armour: Animal skin       |    37 |    29 ||    66
         Skin              |     3 |       ||     3
  Dodge: Dodged            |    60 |    29 ||    89

Table legend:
 A = Kills in this place as a percentage of kills in the entire game.
 B = Kills by you in this place as a percentage of kills by you in the entire game.
 C = Kills by friends in this place as a percentage of kills by friends in the entire game.
 D = Other kills in this place as a percentage of other kills in the entire game.
 E = Experience gained in this place as a percentage of experience gained in the entire game.
 F = Experience gained in this place divided by the number of levels of this place that you have seen.
                   A       B       C       D       E      F
               +-------+-------+-------+-------+-------+----------------------
         Total | 100.0 | 100.0 |   N/A |   N/A | 100.0 |  50.5
       Dungeon | 100.0 | 100.0 |   N/A |   N/A | 100.0 |  50.5
               +-------+-------+-------+-------+-------+----------------------

Table legend: (Time is in decaauts)
 A = Elapsed time spent in this place.
 B = Non-inter-level travel time spent in this place.
 C = Inter-level travel time spent in this place.
 D = Time resting spent in this place.
 E = Time spent auto-exploring this place.
 F = Levels seen in this place.
 G = Mean time per level.
                   A        B        C        D        E       F      G
               +--------+--------+--------+--------+--------+-----+--------+
         Total |   1355 |   1232 |    123 |    222 |    737 |   2 |  677.5 |
       Dungeon |   1355 |   1232 |    123 |    222 |    737 |   2 |  677.5 |
               +--------+--------+--------+--------+--------+-----+--------+

Top non-repeatable levels by time:
     D:1: 1320 daAuts
     D:2: 34 daAuts
